 Dungeon Crawl Stone Soup version 0.17.0-28-g6e173f8 (webtiles) character file.

143 sugabear the Cudgeler (level 5, 0/32 HPs)
             Began as a Gargoyle Gladiator on Nov 29, 2015.
             Killed by nerve-wracking pain
             ... invoked by Menkaure
              (4 damage)
             ... on level 4 of the Dungeon.
             The game lasted 00:04:11 (2187 turns).

sugabear the Cudgeler (Gargoyle Gladiator)          Turns: 2187, Time: 00:04:13

Health: 0/32       AC: 10    Str: 18    XL:     5   Next: 25%
Magic:  5/5        EV: 12    Int:  9    God:
Gold:   116        SH:  0    Dex: 11    Spells: 0 memorised, 4 levels left

rFire  . . .     SeeInvis .     a - +0 flail
rCold  . . .     Clarity  .     b - +0 leather armour
rNeg   + . .     SustAt   .     (no shield)
rPois  ∞         Gourm    .     c - +0 helmet
rElec  +         Spirit   .     i - +0 cloak
rCorr  .         Warding  .     (no gloves)
rMut   .         Stasis   .     h - +0 pair of boots
MR     .....                    (no amulet)
Stlth  +.........               (no ring)
                                (no ring)

@: not resistant to hostile enchantments, very unstealthy
A: negative energy resistance 1, electricity resistance, unbreathing,
petrification resistance, rot immunity, AC +4
a: no special abilities


You were on level 4 of the Dungeon.
You were not hungry.

You visited 1 branch of the dungeon, and saw 4 of its levels.

You collected 116 gold pieces.

Inventory:

Hand Weapons
 a - a +0 flail (weapon)
Missiles
 d - 2 throwing nets (quivered)
Armour
 b - a +0 leather armour (worn)
 c - a +0 helmet (worn)
 h - a +0 pair of boots (worn)
 i - a +0 cloak (worn)
Jewellery
 k - an uncursed ring of ice
Scrolls
 f - 4 scrolls of identify {unknown}
 g - a scroll of amnesia {unknown}
 l - a scroll of fog {unknown}
Potions
 j - 2 potions of might {unknown}
 n - a potion of invisibility {unknown}
 o - 2 potions of curing {unknown}
Comestibles
 e - 4 bread rations
 m - 2 chunks of flesh


   Skills:
 + Level 3.3 Fighting
 + Level 4.0 Maces & Flails
 + Level 2.0 Throwing
 + Level 1.4 Armour
 + Level 3.2 Dodging
 + Level 0.8 Stealth


You had 4 spell levels left.
You didn't know any spells.

Dungeon Overview and Level Annotations

Branches:
Dungeon (4/15)
 Temple: D:4-7

Altars:
Gozag

Annotations:
D:4 Menkaure


Innate Abilities, Weirdness & Mutations

You are resistant to torment.
Your stone body is resilient (AC +4).
You are immune to poison.
You resist negative energy.
You are resistant to electric shocks.
You can survive without breathing.
You are immune to petrification.
You are immune to rotting.


Message History

You hit Menkaure but do no damage.
Menkaure is moderately damaged.
Menkaure casts a spell at you.
You barely resist.
Menkaure struggles against the net.
You hit Menkaure but do no damage.
Menkaure is moderately damaged.
Menkaure struggles against the net.
The net rips apart, and Menkaure comes free!
You barely miss Menkaure.
Menkaure is moderately damaged.
Menkaure calls on the powers of darkness!
Your body is wracked with pain!
You barely miss Menkaure.
Menkaure is moderately damaged.
Menkaure hits you!!
Ouch! That really hurt!
* * * LOW HITPOINT WARNING * * *
Menkaure casts a spell at you. Pain shoots through your body!
You die...

.. #. #.# ..
#.#..##
.##.#...####
# ...........
#.
#........##
#.
#...#......
#. #..%.....#
#..##..<.!..#
#..@M##...)#
.........#
###.#
#........# ..
##.......# #
.....<...#
#####.##.. #.
## ..


You could see Menkaure.

Vanquished Creatures
  A centaur skeleton (D:3)
  3 adders
  An ooze (D:3)
  A worm (D:2)
  2 giant geckos
  3 orcs (D:3)
  A ball python (D:1)
  2 giant cockroaches
  9 hobgoblins
  9 jackals
  12 kobolds
  2 quokkas (D:3)
  3 bats
  3 giant newts
  14 goblins
  7 rats
73 creatures vanquished.

Notes
Turn   | Place    | Note
--------------------------------------------------------------
     0 | D:1      | sugabear the Gargoyle Gladiator began the quest for the Orb.
     0 | D:1      | Reached XP level 1. HP: 12/12 MP: 1/1
    56 | D:1      | Reached XP level 2. HP: 14/17 MP: 2/2
   375 | D:1      | Reached XP level 3. HP: 22/22 MP: 3/3
  1084 | D:3      | Found an opulent altar of Gozag.
  1188 | D:2      | Reached XP level 4. HP: 24/27 MP: 4/4
  1313 | D:2      | Reached skill level 1 in Armour
  1611 | D:4      | Noticed Menkaure
  2049 | D:3      | Reached skill level 4 in Maces & Flails
  2049 | D:3      | Reached XP level 5. HP: 32/32 MP: 5/5
  2187 | D:4      | Killed from afar by Menkaure

Action                   |  1- 3 |  4- 6 || total
-------------------------+-------+-------++-------
Melee: Flail             |   139 |   114 ||   253
Throw: Throwing net      |       |     1 ||     1
  Eat: Chunk             |     1 |     4 ||     5
